 Dungeon Crawl Stone Soup version 0.30-a0-702-gdf48620a09 (webtiles) character file.

Game seed: 9195053840783277079

129834 holysushi the Phalangite (level 17, -12/273 HPs)
             Began as an Ogre Berserker on Jan 21, 2023.
             Was the Champion of Trog.
             Mangled by a guardian serpent (20 damage)
             ... on level 4 of the Snake Pit.
             The game lasted 00:39:16 (26846 turns).

holysushi the Phalangite (Ogre Berserker)          Turns: 26846, Time: 00:39:16

Health: -12/273    AC: 11    Str: 29    XL:     17   Next: 6%
Magic:  17/17      EV: 17    Int:  8    God:    Trog [******]
Gold:   2203       SH:  0    Dex: 16    Spells: 16/16 levels left

rFire   . . .      SeeInvis .    O - +5 scythe "Finisher" {speed, eviscerate}
rCold   . . .      Faith    .    (shield currently unavailable)
rNeg    . . .      Spirit   .    G - +0 swamp dragon scales
rPois   +          Reflect  .    v - +0 hat {Will+}
rElec   .          Harm     .    x - +2 cloak {rPois}
rCorr   .          Rampage  .    (gloves unavailable)
Will    +++..                    (boots unavailable) Stlth
                                 r - amulet of Habrumn {Will+ Regen+}
HPRegen 1.45/turn                i - +6 ring of dexterity
MPRegen 0.15/turn                l - +5 ring of evasion

@: berserking, lethally poisoned (-12 -> -14), constricted, very quick
A: large, unfitting armour, tough skin 1
a: Renounce Religion, Berserk, Trog's Hand, Brothers in Arms


You were on level 4 of the Snake Pit.
You worshipped Trog.
Trog was exalted by your worship.
You visited 4 branches of the dungeon, and saw 24 of its levels.

You collected 2749 gold pieces.
You spent 546 gold pieces at shops.

Inventory:

Hand Weapons
 O - the +5 scythe "Finisher" (weapon) {speed, eviscerate}
   (You found it on level 8 of the Dungeon)
Missiles
 q - 12 javelins (quivered)
 R - 3 throwing nets
 Y - 18 large rocks
Armour
 v - a +0 hat of willpower (worn)
 x - a +2 cloak of poison resistance (worn)
 D - a +0 tower shield
 G - +0 swamp dragon scales (worn)
 H - +0 steam dragon scales
 U - +0 acid dragon scales
 V - a +0 troll leather armour
Jewellery
 e - a ring of protection from cold
 g - a +4 ring of protection
 i - a +6 ring of dexterity (left hand)
 l - a +5 ring of evasion (right hand)
 r - the amulet of Habrumn (around neck) {Will+ Regen+}
   (You acquired it on level 5 of the Lair of Beasts)

   [amulet of regeneration]

   Regen:     It increases your rate of health regeneration.
   Will:      It increases your willpower.
Wands
 B - a wand of light (4)
 C - a wand of flame (33)
 J - a wand of charming (32)
 P - a wand of mindburst (6)
 Q - a wand of digging (4)
Scrolls
 a - 2 scrolls of magic mapping
 d - 7 scrolls of enchant weapon
 m - 17 scrolls of teleportation
 n - a scroll of butterflies
 u - 4 scrolls of blinking
 E - 2 scrolls of enchant armour
 F - a scroll of vulnerability
 L - 4 scrolls of fog
 S - 11 scrolls of identify
 W - 4 scrolls of fear
 X - a scroll of silence
 Z - a scroll of poison
Potions
 b - 2 potions of cancellation
 c - 9 potions of curing
 f - 4 potions of might
 h - 5 potions of flight
 k - 3 potions of lignification
 o - 5 potions of invisibility
 p - 4 potions of brilliance
 s - 2 potions of haste
 t - 4 potions of attraction
 w - 4 potions of mutation
 A - 3 potions of ambrosia
 I - 5 potions of magic
 K - 3 potions of resistance
 M - a potion of berserk rage
 T - 3 potions of heal wounds


   Skills:
 + Level 14.9 Fighting
 - Level 12.0 Maces & Flails
 - Level 21.8 Polearms
 + Level 11.6 Dodging
 - Level 0.2 Shields


You had 16 spell levels left.
You didn't know any spells.
Your spell library was empty.

Dungeon Overview and Level Annotations

Branches:
Dungeon (13/15) Zot: 26382  Temple (0/1) D:4            Lair (5/5) D:9 Zot: 23209
 Shoals (0/4) Lair:3        Snake (4/4) Lair:2 Zot: 20387   Slime (0/5) Lair:4
    Orc (2/2) D:10 Zot: 10610     Elf (0/3) Orc:2
 Vaults: D:13-14

Altars:
Dithmenos
Elyvilon
Fedhas
Gozag
Kikubaaqudgha
Okawaru
Qazlal
Trog
Wu Jian
Xom
Zin
The Shining One
Jiyva
Lugonu

Shops:
D:1 (   D:2 ?   Orc:2 (=?!*   Snake:2 (   Snake:3 *[   Snake:4 (

Portals:
Abyss: Lair:5
Pandemonium: Orc:2

Annotations:
Snake:3 exclusion: downstairs


Innate Abilities, Weirdness & Mutations

You are too large for most types of armour.
You have tough skin. (AC +1)


Message History

The salamander hits you from afar with a +4 trident of flaming!
* * * LOW HITPOINT WARNING * * *
You are engulfed in flames!
* * * LOW HITPOINT WARNING * * *
The salamander burns you.
* * * LOW HITPOINT WARNING * * *
The guardian serpent misses you.
You closely miss the guardian serpent.
You feel sick.
You slash the naga!
The naga is moderately wounded.
You feel sick.
The guardian serpent hits you but does no damage.
You closely miss the naga.
The naga is moderately wounded.
You feel sick.
The salamander hits you from afar with a +4 trident of flaming.
* * * LOW HITPOINT WARNING * * *
You are engulfed in flames!
* * * LOW HITPOINT WARNING * * *
The salamander burns you.
* * * LOW HITPOINT WARNING * * *
The naga completely misses you. The naga constricts you.
* * * LOW HITPOINT WARNING * * *
You barely miss the naga.
The naga is moderately wounded.
You feel sick. The guardian serpent barely misses you.
You closely miss the naga.
The naga is moderately wounded.
You feel sick. The salamander barely misses you.
The naga completely misses you. The naga constricts you.
* * * LOW HITPOINT WARNING * * *
The guardian serpent hits you!!
* * * LOW HITPOINT WARNING * * *
You slash the naga!
The naga is almost dead.
You feel sick.
You impale the guardian serpent!!
The guardian serpent is heavily wounded.
You feel sick. The guardian serpent hits you!!
You die...

#....................
.....................
.
..........###..###...
. ......#####.#..'.###
.
.###..#.....#..#...##
. #..#..)..##.#....#
..###..#'.....#.#....#
.......N###.###.'...+#
......NS@)###...#...#
........†.......#.###
................###
....................
..............######
..............#
#####.........#
#+####....# #....#


You could see a salamander, a guardian serpent and a naga.

Vanquished Creatures
  Rupert (Lair:5)
  Frances (D:13)
  3 nagarajas (Snake:2)
  Kirke (Lair:3)
  Donald (Orc:2)
  Aizul (Snake:1)
  Azrael (Snake:3)
  Snorg (Lair:3)
  Josephine (Lair:3)
  4 hydras
  Harold (D:10)
  2 demonspawn (Orc:2)
  A catoblepas (Lair:3)
  3 anacondas
  6 boulder beetles
  9 naga warriors
  3 two-headed ogres
  4 death yaks (Lair:2)
  2 orc high priests (Orc:2)
  2 thrashing horrors (Lair:5)
  3 shock serpents
  Nergalle (D:12)
  5 naga sharpshooters
  A soul eater (Orc:2)
  4 skeletal warriors
  5 sea snakes (Snake:3)
  3 salamander mystics
  6 naga ritualists
  A harpy (shapeshifter) (D:13)
  4 orc knights (Orc:2)
  11 mana vipers
  11 orc sorcerers
  2 salamanders
  3 cyclopes (D:12)
  3 ugly things
  2 large abominations (Lair:5)
  A manticore (D:12)
  4 slime creatures
  Maurice (D:13)
  2 guardian serpents (Snake:4)
  A rust devil (Orc:2)
  9 elephants (Lair:4)
  14 naga magi
  34 black mambas
  2 smoke demons (Lair:5)
  Maggie (D:6)
  A merfolk siren (Lair:3)
  6 cane toads
  3 gargoyles
  A cane toad (shapeshifter) (Lair:5)
  A torpor snail (Lair:3)
  2 unseen horrors
  2 kobold demonologists
  4 rime drakes
  5 komodo dragons
  An ice devil (Orc:2)
  2 ancient zymes (Lair:5)
  8 trolls
  4 polar bears
  A polar bear (shapeshifter) (Lair:5)
  35 blink frogs
  6 dream sheep (Lair:5)
  3 wyverns
  2 shadows
  64 yaks
  3 ynoxinuls
  4 fire elementals
  5 basilisks
  3 hogs (Lair:3)
  Eustachio (D:4)
  13 wraiths
  A steam dragon (D:7)
  5 vampire mosquitoes (D:12)
  A chaos spawn (Lair:5)
  2 acid dragons
  39 nagas
  Edmund (D:6)
  2 wargs (Orc:2)
  18 water moccasins
  2 hell hounds
  21 orc warriors
  3 sky beasts
  2 black bears
  An ice beast (D:5)
  6 ogres
  3 centaurs
  A phantom (D:7)
  7 small abominations (Lair:5)
  3 kobold brigands
  Blork the orc (D:6)
  2 gnoll sergeants
  6 bullfrogs
  6 scorpions
  15 wights
  4 killer bees (D:9)
  6 howler monkeys
  2 electric eels (D:8)
  23 orc priests
  5 hounds
  6 jellies
  5 iguanas
  6 orc wizards
  Ijyb (D:3)
  Natasha (twice) (D:3)
  Terence (D:2)
  19 gnolls
  11 adders
  A shadow imp (D:6)
  2 white imps
  An ufetubus (D:7)
  3 worms
  4 dart slugs
  55 orcs
  10 endoplasms
  5 giant cockroaches
  11 goblins
  7 hobgoblins
  10 jackals
  9 quokkas
  6 ball pythons
  3 bats
  6 frilled lizards
  26 kobolds
  5 rats
  A fungus (Lair:5)
766 creatures vanquished.

Vanquished Creatures (others)
  An orc priest (Orc:2)
  14 fungi
  51 plants
  7 toadstools (D:8)
  5 withered plants (D:3)
78 creatures vanquished.

Grand Total: 844 creatures vanquished

Notes
Turn   | Place    | Note
-------+----------+-------------------------------------------
     0 | D:1      | holysushi the Ogre Berserker began the quest for the Orb.
     0 | D:1      | Reached XP level 1. HP: 24/24 MP: 1/1
    51 | D:1      | Reached XP level 2. HP: 17/32 MP: 2/2
   546 | D:1      | Reached XP level 3. HP: 23/40 MP: 3/3
   618 | D:1      | Found Biytairu's Weapon Shop.
  1165 | D:2      | Found a stormy altar of Qazlal.
  1333 | D:2      | Reached ** piety under Trog
  1339 | D:2      | Reached XP level 4. HP: 41/49 MP: 4/4
  1386 | D:2      | Noticed Terence
  1402 | D:2      | Killed Terence
  1403 | D:2      | Reached skill level 5 in Fighting
  1411 | D:2      | HP: 2/50 [kobold/+0 dagger of draining (3)]
  1928 | D:2      | Reached XP level 5. HP: 35/56 MP: 5/5
  2039 | D:2      | Found Jeusmier's Magic Scroll Shop.
  2044 | D:2      | Bought a scroll of identify for 20 gold pieces
  2044 | D:2      | Bought a scroll of teleportation for 30 gold pieces
  2358 | D:3      | Noticed Natasha
  2368 | D:3      | Killed Natasha
  2525 | D:3      | Noticed Ijyb
  2537 | D:3      | Killed Ijyb
  2540 | D:3      | Reached skill level 5 in Maces & Flails
  2729 | D:3      | Found a faded altar of an unknown god.
  2839 | D:3      | Noticed Natasha
  2843 | D:3      | Killed Natasha
  2844 | D:3      | Reached XP level 6. HP: 63/67 MP: 6/6
  3382 | D:4      | Found an opulent altar of Gozag.
  3583 | D:4      | Reached *** piety under Trog
  3747 | D:4      | Noticed Eustachio
  3763 | D:4      | Killed Eustachio
  3764 | D:4      | Reached XP level 7. HP: 76/76 MP: 7/7
  3927 | D:4      | Found a staircase to the Ecumenical Temple.
  4331 | D:2      | Bought a scroll of blinking for 75 gold pieces
  4331 | D:2      | Bought a scroll of identify for 20 gold pieces
  4331 | D:2      | Bought a scroll of identify for 20 gold pieces
  4408 | D:5      | Entered Level 5 of the Dungeon
  4534 | D:5      | Reached XP level 8. HP: 88/88 MP: 8/8
  6066 | D:6      | Noticed Blork the orc
  6079 | D:6      | Killed Blork the orc
  6427 | D:6      | Reached XP level 9. HP: 94/98 MP: 9/9
  6671 | D:6      | Noticed Edmund
  6682 | D:6      | Killed Edmund
  6743 | D:6      | Noticed Maggie
  6751 | D:6      | Killed Maggie
  7052 | D:7      | Reached skill level 10 in Fighting
  7117 | D:7      | Reached **** piety under Trog
  7357 | D:7      | Reached skill level 10 in Maces & Flails
  7361 | D:7      | Identified the +3 leather armour of Grace {Drain rF++
                  | Regen+}
  7781 | D:7      | Reached XP level 10. HP: 110/111 MP: 10/10
  7990 | D:8      | Identified a scroll of acquirement
  7990 | D:8      | Acquired a +0 hat of willpower
  8168 | D:8      | Reached skill level 5 in Dodging
  9271 | D:8      | Found the +5 scythe "Finisher" {speed, eviscerate}
  9281 | D:8      | Noticed a skeletal warrior
  9289 | D:8      | Killed a skeletal warrior
  9667 | D:9      | Reached XP level 11. HP: 98/124 MP: 11/11
 10129 | D:9      | Found a staircase to the Lair.
 10276 | D:9      | Found an iron altar of Okawaru.
 10287 | D:9      | Reached skill level 1 in Polearms
 10300 | D:9      | Reached skill level 2 in Polearms
 10518 | D:9      | Found an ornate altar of the Wu Jian Council.
 10518 | D:9      | Found a shimmering altar of Xom.
 10518 | D:9      | Found a bloodstained altar of Trog.
 10524 | D:9      | Found a shadowy altar of Dithmenos.
 10524 | D:9      | Found an ancient bone altar of Kikubaaqudgha.
 10650 | D:9      | Found a glowing golden altar of the Shining One.
 10650 | D:9      | Found a white marble altar of Elyvilon.
 10650 | D:9      | Found a glowing silver altar of Zin.
 10767 | D:10     | Entered Level 10 of the Dungeon
 10815 | D:10     | Reached skill level 3 in Polearms
 10828 | D:10     | Noticed Harold
 10835 | D:10     | Killed Harold
 10836 | D:10     | Reached skill level 4 in Polearms
 11098 | D:10     | Reached skill level 5 in Polearms
 11285 | D:10     | Found a blossoming altar of Fedhas.
 11336 | D:10     | Reached skill level 6 in Polearms
 11543 | D:10     | Reached skill level 7 in Polearms
 11757 | D:10     | Found a staircase to the Orcish Mines.
 12068 | D:11     | Noticed a boulder beetle
 12078 | D:11     | Killed a boulder beetle
 12079 | D:11     | Reached skill level 8 in Polearms
 12168 | D:11     | Noticed a boulder beetle
 12172 | D:11     | Killed a boulder beetle
 12400 | D:11     | Reached skill level 9 in Polearms
 12721 | D:11     | Noticed a two-headed ogre
 12725 | D:11     | Killed a two-headed ogre
 12735 | D:11     | Reached XP level 12. HP: 133/133 MP: 12/12
 12743 | D:11     | Noticed a two-headed ogre
 12748 | D:11     | Killed a two-headed ogre
 12749 | D:11     | Reached skill level 10 in Polearms
 12958 | D:12     | Noticed a two-headed ogre
 12965 | D:12     | Killed a two-headed ogre
 13071 | D:12     | Reached skill level 11 in Polearms
 13198 | D:12     | Noticed a boulder beetle
 13207 | D:12     | Killed a boulder beetle
 13272 | D:12     | Noticed Nergalle
 13277 | D:12     | Killed Nergalle
 13332 | D:12     | Noticed an eight-headed hydra
 13343 | D:12     | Killed a ten-headed hydra
 13344 | D:12     | Reached skill level 12 in Polearms
 13395 | D:12     | Found the +3 salamander hide armour {Flames, rFlCloud rF++
                  | rC--}
 13403 | D:12     | Reached ***** piety under Trog
 13625 | D:12     | Reached skill level 13 in Polearms
 13713 | D:12     | Noticed a boulder beetle
 13715 | D:12     | Killed a boulder beetle
 13884 | Lair:1   | Entered Level 1 of the Lair of Beasts
 14013 | Lair:1   | Reached XP level 13. HP: 114/141 MP: 13/13
 14016 | Lair:1   | Reached skill level 14 in Polearms
 14976 | Lair:2   | Reached skill level 15 in Polearms
 15050 | Lair:2   | Received a gift from Trog
 15541 | Lair:2   | Found a staircase to the Snake Pit.
 15553 | Lair:2   | Reached skill level 16 in Polearms
 16036 | Lair:3   | Noticed Snorg
 16045 | Lair:3   | Killed Snorg
 16181 | Lair:3   | Reached skill level 17 in Polearms
 16418 | Lair:3   | Reached XP level 14. HP: 123/150 MP: 14/14
 16588 | Lair:3   | Found a staircase to the Shoals.
 16702 | Lair:3   | Noticed Josephine
 16718 | Lair:3   | Killed Josephine
 16808 | Lair:3   | Noticed Kirke
 16836 | Lair:3   | Noticed a sphinx
 17034 | Lair:3   | Killed Kirke
 17231 | Lair:4   | Reached skill level 18 in Polearms
 17303 | Lair:4   | Received a gift from Trog
 18036 | Lair:4   | Found a viscous altar of Jiyva.
 18037 | Lair:4   | Found a staircase to the Slime Pits.
 18360 | Lair:5   | Entered Level 5 of the Lair of Beasts
 18602 | Lair:5   | Reached skill level 19 in Polearms
 18722 | Lair:5   | Noticed Rupert
 18725 | Lair:5   | Killed Rupert
 20000 | Lair:5   | Reached skill level 20 in Polearms
 20005 | Lair:5   | Reached XP level 15. HP: 82/158 MP: 5/15
 20261 | Lair:5   | Found a corrupted altar of Lugonu.
 20261 | Lair:5   | Found a one-way gate to the infinite horrors of the Abyss.
 20313 | Lair:5   | Received a gift from Trog
 20386 | Lair:5   | Identified the +10 war axe "Nerad" {speed, rElec Will+
                  | Int+4}
 20456 | Lair:5   | Acquired the amulet of Habrumn {Will+ Regen+}
 20458 | Lair:5   | Acquired 648 gold pieces
 20946 | D:13     | Noticed Maurice
 20954 | D:13     | Killed Maurice
 21054 | D:13     | Noticed Frances
 21065 | D:13     | Killed Frances
 21441 | Orc:1    | Entered Level 1 of the Orcish Mines
 21780 | Orc:2    | Entered Level 2 of the Orcish Mines
 21832 | Orc:2    | Noticed Donald
 21841 | Orc:2    | Killed Donald
 21842 | Orc:2    | Reached skill level 21 in Polearms
 21880 | Orc:2    | Found a staircase to the Elven Halls.
 22041 | Orc:2    | Found Teklyts's Magic Scroll Emporium.
 22079 | Orc:2    | Bought a scroll of blinking for 112 gold pieces
 22079 | Orc:2    | Bought a scroll of teleportation for 45 gold pieces
 22145 | Orc:2    | Found Opromea's Distillery.
 22388 | Orc:2    | Received a gift from Trog
 22465 | Orc:2    | Found Zetonir's General Store.
 22516 | Orc:2    | Bought a potion of invisibility for 88 gold pieces
 22516 | Orc:2    | Bought a potion of mutation for 88 gold pieces
 22518 | Orc:2    | Bought a scroll of teleportation for 48 gold pieces
 22852 | Orc:2    | Found Apto's Jewellery Emporium.
 22852 | Orc:2    | Found a one-way gate leading to the halls of Pandemonium.
 22852 | Orc:2    | Found Xyteal's Antique Weapon Shoppe.
 23072 | Snake:1  | Entered Level 1 of the Snake Pit
 23184 | Snake:1  | Noticed Aizul
 23189 | Snake:1  | Killed Aizul
 23899 | Snake:2  | Received a gift from Trog
 23912 | Snake:2  | Reached ****** piety under Trog
 23913 | Snake:2  | Reached XP level 16. HP: 155/166 MP: 16/16
 23972 | Snake:2  | Found Saif's Antique Weapon Shop.
 24050 | Snake:2  | Noticed a nagaraja
 24082 | Snake:2  | Killed a nagaraja
 24332 | Snake:2  | Noticed a nagaraja
 24336 | Snake:2  | Killed a nagaraja
 24409 | Snake:2  | You fall into a shaft and drop 1 floor!
 24853 | Snake:2  | Noticed a nagaraja
 24862 | Snake:2  | Killed a nagaraja
 24863 | Snake:2  | Reached skill level 10 in Dodging
 25275 | Snake:3  | Noticed Azrael
 25327 | Snake:3  | Killed Azrael
 25487 | Snake:3  | Received a gift from Trog
 25961 | Snake:3  | Found Qurergh's Assorted Antiques.
 25964 | Snake:3  | Found Jesabbiw's Armour Emporium.
 26235 | Snake:4  | Entered Level 4 of the Snake Pit
 26235 | Snake:4  | Found Jaeky's Antique Weapon Shop.
 26659 | Snake:4  | Reached XP level 17. HP: 175/182 MP: 4/17
 26844 | Snake:4  | HP: 9/273 [guardian serpent (20)]
 26846 | Snake:4  | Mangled by a guardian serpent

Illustrated notes

Levels and vault maps discovered:
D:1:      scummos_arrival_simple_crosswalls, layout_basic, serial_shops,
          nicolae_shop_advertising_works [nicolae_subvault_shop_adworks],
          nrook_campfire, minmay_tetromino_s2
D:2:      layout_loops_ring, basic_altar, serial_shops, shop, minmay_vboxes,
          uniq_terence
D:3:      layout_loops_ring, ebering_ecumenical_altar_petrified, uniq_ijyb,
          uniq_natasha
D:4:      layout_basic, mainiacjoe_overflow_brackets, minmay_temple_entry_mist,
          uniq_eustachio
D:5:      layout_cave_pools, minivault_26
D:6:      layout_rooms, nicolae_hexahallways, uniq_maggie, uniq_blork_the_orc,
          uniq_edmund
D:7:      layout_rooms, minmay_misc_feat_nine_boxes
D:8:      cheibrodos_fertilizer, layout_rooms, serial_bayou_lagoon_a,
          minmay_misc_feat_tower, minmay_guarded_unrand_finisher
D:9:      layout_basic, good_gods_mini_temple, minmay_overflow_temple_hex
D:10:     layout_rooms, overflow_temple_1_default, orc_0_dummy, uniq_harold
D:11:     layout_irregular_city, minmay_misc_feat_rows
D:12:     layout_roguey, minmay_diced_spiral, uniq_nergalle
D:13:     layout_cave_pools, grunt_vaults_entry_fortified, uniq_frances,
          uniq_maurice
Lair:1:   layout_hall_layers, minivault_24, chequers_serial_rivers_small_a,
          st_stairs_6, infiniplex_staircase_pool_2, lemuel_fruit_fields
Lair:2:   layout_gridlike, nicolae_snake_entry_squirm, grunt_megastairs_2
Lair:3:   layout_cellular_growth, minmay_shoals_entry_lonely_mermaid,
          st_stairs_8, uniq_josephine, uniq_kirke, uniq_snorg
Lair:4:   layout_misc_corridors, dpeg_slime_entry_enclosed,
          chequers_serial_rivers_micro_e
Lair:5:   hellmonk_lair_end_abyssal_woods, layout_regular_city,
          serial_bayou_crossing, uniq_rupert
Snake:1:  layout_misc_corridors, nicolae_large_snake_swirl, uniq_aizul
Snake:2:  layout_cave_town, serial_shops, shop, lemuel_fruit_tree
Snake:3:  layout_misc_corridors, serial_bayou_shore_b, grunt_megastairs_4,
          minmay_shoptagon, serial_bayou_shore_a, uniq_azrael
Snake:4:  snake_pit, layout_cave_town, serial_shops, shop_fountains, shop
Orc:1:    layout_caves, uniq_erica
Orc:2:    pf_orc_diabolical, layout_caves, serial_shops, shop, uniq_donald

Skill      XL: |  1  2  3  4  5  6  7  8  9 10 11 12 13 14 15 16 |
---------------+-------------------------------------------------+-----
Maces & Flails | 3 4 5 6 7 8 10 12 | 12.0
Fighting       | 5 6 7 9 10 12 14 | 14.9
Dodging        | 3 4 5 7 11 | 11.6
Polearms       | 9 13 17 20 21 | 21.8
Shields        | |  0.2

Action                   |  1- 3 |  4- 6 |  7- 9 | 10-12 | 13-15 | 16-18 || total
-------------------------+-------+-------+-------+-------+-------+-------++-------
Melee: Mace              |    65 |       |       |       |       |       ||    65
       Whip              |    22 |   190 |   271 |       |       |       ||   483
       Punch             |     1 |       |     2 |       |       |       ||     3
       Flail             |       |       |    56 |    55 |       |       ||   111
       Dire flail        |       |       |       |    80 |       |       ||    80
       Scythe            |       |       |       |   280 |  1013 |   393 ||  1686
Invok: Berserk           |       |     5 |     8 |     6 |    12 |     6 ||    37
  Use: Potion            |       |     3 |       |       |     1 |       ||     4
       Scroll            |       |     9 |     5 |     5 |    10 |     3 ||    32
 Stab: Invisible         |       |     1 |       |       |     1 |       ||     2
       Distracted        |       |       |       |       |     1 |       ||     1
Armor: Animal skin       |    28 |    42 |   105 |       |       |       ||   175
       Swamp dragon scal |       |       |    22 |     5 |   128 |    45 ||   200
       Steam dragon scal |       |       |     6 |    72 |       |       ||    78
       Troll leather arm |       |       |       |    49 |    74 |       ||   123
Dodge: Dodged            |    52 |    78 |   131 |   164 |   313 |   224 ||   962
Block: Kite shield       |       |       |    31 |       |       |       ||    31
       Tower shield      |       |       |     5 |       |       |       ||     5

Table legend: (Time is in decaauts)
 A = Elapsed time spent in this place.
 B = Non-inter-level travel time spent in this place.
 C = Inter-level travel time spent in this place.
 D = Time resting spent in this place.
 E = Time spent auto-exploring this place.
 F = Levels seen in this place.
 G = Mean time per level.
                   A        B        C        D        E       F      G
               +--------+--------+--------+--------+--------+-----+--------+
         Total |  26591 |  25068 |   1523 |   4617 |  15298 |  24 | 1108.0 |
       Dungeon |  14799 |  13820 |    979 |   2867 |   8084 |  13 | 1138.4 |
          Lair |   6790 |   6467 |    323 |    922 |   4373 |   5 | 1358.0 |
     Snake Pit |   3611 |   3426 |    185 |    580 |   2108 |   4 |  902.8 |
  Orcish Mines |   1389 |   1354 |     35 |    246 |    732 |   2 |  694.5 |
               +--------+--------+--------+--------+--------+-----+--------+

Top non-repeatable levels by time:
  Lair:5: 2287 daAuts
     D:9: 1769 daAuts
  Lair:3: 1566 daAuts
     D:8: 1543 daAuts
     D:1: 1394 daAuts
     D:5: 1361 daAuts
     D:6: 1289 daAuts
 Snake:2: 1207 daAuts
 Snake:3: 1202 daAuts
  Lair:4: 1135 daAuts
     D:3: 1124 daAuts
     D:4: 1122 daAuts
    D:11: 1052 daAuts
    D:10: 970 daAuts
   Orc:2: 960 daAuts
